 Seeded DCSS version 0.29.1-2-gbd0b4ee654 (webtiles) character file.

Game seed: 3311 (custom seed)

10845 Ashen the Conjurer (level 11, -3/84 HPs)
             Began as a Demonspawn Fire Elementalist on Oct 26, 2022.
             Was a High Priest of Vehumet.
             Killed by divine providence
             ... invoked by a meliai
              (12 damage)
             ... on level 13 of the Dungeon.
             The game lasted 00:32:11 (15667 turns).

Ashen the Conjurer (Demonspawn Fire Elementalist)  Turns: 15667, Time: 00:32:12

Health: -3/84      AC:  7    Str:  8    XL:     11   Next: 41%
Magic:  21/21      EV: 14    Int: 21    God:    Vehumet [*****.]
Gold:   531        SH:  4    Dex: 14    Spells: 4/24 levels left

rFire   . . .      SeeInvis .   g - +0 dagger (venom)
rCold   . . .      Faith    .   D - +0 buckler
rNeg    . . .      Spirit   .   F - +1 leather armour {Will+}
rPois   .          Reflect  .   k - +0 helmet
rElec   .          Harm     .   B - +1 cloak
rCorr   .          Rampage  .   (no gloves)
Will    +....                   (no boots)
Stlth   +++.......              G - amulet of magic regeneration
HPRegen 1.24/turn               (no ring)
MPRegen 0.57/turn               (no ring)

@: lethally poisoned (-3 -> -10), very slightly contaminated
A: powered by death 1, powered by pain 2, sturdy frame 2, weakness stinger 2
a: Renounce Religion


You were on level 13 of the Dungeon.
You worshipped Vehumet.
Vehumet was extremely pleased with you.
You visited 1 branch of the dungeon, and saw 12 of its levels.

You collected 531 gold pieces.

Inventory:

Hand Weapons
 g - a +0 dagger of venom (weapon)
 o - a +2 hand axe of distortion
Missiles
 s - 2 throwing nets
Armour
 k - a +0 helmet (worn)
 B - a +1 cloak (worn)
 D - a +0 buckler (worn)
 F - a +1 leather armour of willpower (worn)
Jewellery
 j - an amulet of reflection
 G - an amulet of magic regeneration (around neck)
Wands
 y - a wand of polymorph (11)
 A - a wand of light (3)
Scrolls
 a - a scroll of enchant armour {unknown}
 d - 3 scrolls of teleportation
 f - a scroll of identify
 l - 2 scrolls of noise {unknown}
 m - a scroll of fear {unknown}
 n - 2 scrolls of poison {unknown}
 p - a scroll of immolation {unknown}
 r - 2 scrolls of amnesia {unknown}
 u - 2 scrolls of vulnerability {unknown}
 w - a scroll of blinking {unknown}
 E - a scroll of enchant weapon {unknown}
Potions
 b - 2 potions of magic
 c - 4 potions of mutation
 e - 2 potions of might
 h - a potion of attraction
 i - a potion of resistance
 q - 2 potions of curing
 t - 2 potions of flight
 v - 2 potions of brilliance
 x - a potion of berserk rage
 z - a potion of haste
 C - a potion of ambrosia


   Skills:
 + Level 7.3 Fighting
 + Level 7.1 Dodging
 - Level 5.0 Stealth
 + Level 2.3 Shields
 + Level 7.2 Spellcasting
 + Level 7.5 Conjurations
 - Level 5.0 Necromancy
 + Level 7.2 Fire Magic


You had 4 spell levels left.
You knew the following spells:

 Your Spells              Type           Power      Damage    Failure   Level
a - Foxfire               Conj/Fire      100%       2x1d9     1%          1
b - Scorch                Fire           76%        2d9       1%          2
c - Sandblast             Erth           14%        2d6       3%          1
d - Flame Wave            Conj/Fire      38%        2d10      1%          4
e - Sublimation of Blood  Necr           28%        N/A       2%          2
f - Blink                 Tloc           14%        N/A       17%         2
g - Stone Arrow           Conj/Erth      46%        3d9       1%          3
h - Freezing Cloud        Conj/Ice/Air   9%         6-21      28%         5

Your spell library contained the following spells:

 Spells                   Type           Power      Damage    Failure   Level
 Conjure Flame            Conj/Fire      38%        6-21      1%          3
 Inner Flame              Hex/Fire       22%        N/A       2%          3
 Frozen Ramparts          Ice            14%        1d3       10%         3
 Confusing Touch          Hex            7%         N/A       34%         3
 Gell's Gravitas          Tloc           7%         N/A       34%         3
 Lesser Beckoning         Tloc           7%         N/A       34%         3
 Teleport Other           Tloc           7%         N/A       34%         3
 Ice Form                 Ice/Tmut       7%         N/A       75%         4
 Petrify                  Tmut/Erth      7%         N/A       75%         4
 Summon Ice Beast         Ice/Summ       7%         N/A       75%         4
 Irradiate                Conj/Tmut      11%        3d15      17%         5
 Yara's Violent Unravell  Hex/Tmut       3%         3d4       58%         5
 Manifold Assault         Tloc           7%         N/A       97%         5
 Summon Mana Viper        Hex/Summ       7%         N/A       97%         5
 Dispersal                Tloc           3%         N/A       100%        6
 Enfeeble                 Hex            3%         N/A       100%        7
 Monstrous Menagerie      Summ           3%         N/A       100%        7


Dungeon Overview and Level Annotations

Branches:
Dungeon (13/15)            Temple (0/1) D:6            Lair (0/5) D:10
    Orc: D:9-12      Vaults: D:13-14

Altars:
Dithmenos
Fedhas
Gozag
Qazlal
Ru
Sif Muna
Trog
Vehumet
Wu Jian
Xom

Shops:
D:10 (

Annotations:
D:2 1 runed translucent door, Crazy Yiuf
D:5 Duvessa
D:10 1 transporter
D:13 exclusions: boulder beetle, centaur warrior and yaktaur captain


Innate Abilities, Weirdness & Mutations

You regenerate a little health from kills.
You sometimes gain power by taking damage.
Your movements are less encumbered by armour. (ER -4)
You have a tail ending in a sharp stinger.


Message History

You feel your power returning. The meliai hits you with a +0 war axe!
The meliai barely misses you.
The meliai is engulfed in freezing vapours.
You kill the meliai!
Vehumet accepts your kill. The meliai hits you with a +0 war axe!
The meliai stings you.
Casting: Freezing Cloud (dangerous; 28% risk of failure)
Confirm with . or Enter, or press ? or * to list all spells.
Flames lash the meliai.
The meliai is severely wounded.
The meliai's fire resistance burns away.
The meliai closely misses you. The meliai misses you.
The meliai mumbles some strange prayers to its god against you.
Something smites you!
You closely miss the meliai.
Your tail-slap misses the meliai.
The meliai is severely wounded.
The meliai hits you with a +0 war axe!
The meliai stings you but does no damage.
The meliai barely misses you. The meliai stings you.
* * * LOW HITPOINT WARNING * * *
You are poisoned.
The meliai poisons you!
You feel better. The meliai hits you with a +0 war axe. The meliai stings you.
You are poisoned.
The meliai poisons you! The meliai hits you with a +0 war axe!
* * * LOW HITPOINT WARNING * * *
You focus on the pain.
You feel your power returning. The meliai stings you!
* * * LOW HITPOINT WARNING * * *
You are lethally poisoned!
The meliai poisons you!
The two-headed ogre is engulfed in freezing vapours.
You feel better. The meliai hits you with a +0 war axe!
* * * LOW HITPOINT WARNING * * *
The meliai stings you.
* * * LOW HITPOINT WARNING * * *
You are poisoned.
The meliai poisons you!
The meliai mumbles some strange prayers to its god against you.
Something smites you!
You die...

#.## #.# #.# # ##
###'#### .. .#
#......# .!. .#.
+......# ..<. ...
#......# ..... .#
#......######)○○...
.#
#......#...@yO§○<..
##
#......'.####.○°...
#......### .○...
###..### ####
##..### # #.....# #
#.....# ####
#.....+
...#####.....#


You could see a two-headed ogre and a meliai (combustible).

Vanquished Creatures
  A tengu warrior (D:13)
  2 two-headed ogres (D:13)
  A cyclops (D:13)
  Maurice (D:8)
  Joseph (D:8)
  2 gargoyles
  A tengu conjurer (D:13)
  2 meliai (D:13)
  4 trolls
  Prince Ribbit (D:9)
  5 yaks
  A shadow (D:11)
  A wraith (D:9)
  3 wyverns
  A steam dragon (D:10)
  A water moccasin (D:6)
  2 orc warriors
  A sky beast (D:7)
  2 ice beasts (D:5)
  3 ogres
  4 centaurs
  3 phantoms
  2 gnoll sergeants
  2 bullfrogs (D:9)
  A necrophage (D:5)
  A scorpion (D:7)
  5 wights (D:9)
  Dowan (D:5)
  17 killer bees
  6 howler monkeys
  4 hounds
  3 gnoll boudas
  A jelly (D:4)
  9 orc priests
  2 iguanas
  9 orc wizards
  18 gnolls
  3 adders
  3 shadow imps
  3 worms
  3 dart slugs
  36 orcs
  10 endoplasms
  4 giant cockroaches
  9 hobgoblins
  4 jackals
  2 quokkas
  8 ball pythons
  4 bats
  2 frilled lizards
  3 goblins
  A goblin skeleton (D:6)
  A goblin zombie (D:6)
  3 hobgoblin zombies (D:6)
  8 kobolds
  3 kobold skeletons (D:6)
  A kobold zombie (D:6)
  An orc skeleton (D:6)
  5 rats
241 creatures vanquished.

Vanquished Creatures (collateral kills)
  A foxfire (D:7)
1 creature vanquished.

Vanquished Creatures (others)
  A kobold brigand (D:8)
  2 gnolls (D:10)
  576 foxfires
  2 plants (D:9)
581 creatures vanquished.

Grand Total: 823 creatures vanquished

Notes
Turn   | Place    | Note
-------+----------+-------------------------------------------
     0 | D:1      | Ashen the Demonspawn Fire Elementalist began the quest for
                  | the Orb.
     0 | D:1      | Reached XP level 1. HP: 13/13 MP: 3/3
   231 | D:1      | Gained mutation: Your movements are slightly less
                  | encumbered by armour. (ER -2) [demonic ancestry]
   231 | D:1      | Reached XP level 2. HP: 7/19 MP: 0/5
  1597 | D:2      | Gained mutation: Your movements are less encumbered by
                  | armour. (ER -4) [demonic ancestry]
  1597 | D:2      | Reached XP level 3. HP: 20/25 MP: 6/6
  1979 | D:2      | Found a runed translucent door.
  1983 | D:2      | Learned a level 2 spell: Scorch
  1983 | D:2      | Noticed Crazy Yiuf
  2004 | D:2      | Found a faded altar of an unknown god.
  2279 | D:2      | Reached skill level 1 in Fighting
  2734 | D:3      | Found a radiant altar of Vehumet.
  2746 | D:3      | Became a worshipper of Vehumet
  3165 | D:3      | Reached XP level 4. HP: 14/32 MP: 7/7
  3576 | D:3      | Reached XP level 5. HP: 17/37 MP: 6/8
  4334 | D:3      | Found a shimmering blue altar of Sif Muna.
  4732 | D:4      | Noticed an ogre
  4737 | D:4      | Killed an ogre
  4738 | D:4      | Gained mutation: You sometimes gain a little power by
                  | taking damage. [demonic ancestry]
  4738 | D:4      | Reached XP level 6. HP: 44/44 MP: 3/10
  4810 | D:4      | Reached * piety under Vehumet
  4810 | D:4      | Offered knowledge of Sandblast by Vehumet.
  4959 | D:4      | Learned a level 1 spell: Sandblast
  4964 | D:4      | Learned a level 4 spell: Flame Wave
  5765 | D:5      | Entered Level 5 of the Dungeon
  5765 | D:5      | Noticed an ice beast
  5769 | D:5      | Killed an ice beast
  5770 | D:5      | Reached XP level 7. HP: 51/51 MP: 6/12
  5961 | D:5      | Found a bloodstained altar of Trog.
  5968 | D:5      | Found an ornate altar of the Wu Jian Council.
  6217 | D:5      | Found a blossoming altar of Fedhas.
  6427 | D:5      | Noticed Duvessa
  6427 | D:5      | Noticed Dowan
  6432 | D:5      | Killed Dowan
  7017 | D:5      | Found a shadowy altar of Dithmenos.
  7017 | D:5      | Found an opulent altar of Gozag.
  7186 | D:6      | Gained mutation: You have a small tail. [demonic ancestry]
  7186 | D:6      | Reached XP level 8. HP: 58/58 MP: 8/14
  7302 | D:6      | Found a staircase to the Ecumenical Temple.
  7947 | D:6      | Reached ** piety under Vehumet
  7952 | D:6      | Offered knowledge of Poisonous Vapours by Vehumet.
  8115 | D:6      | HP: 2/60 [orc priest/nerve-wracking pain (9)]
  9462 | D:7      | Learned a level 2 spell: Sublimation of Blood
  9465 | D:7      | Learned a level 2 spell: Blink
  9759 | D:7      | Found a sacrificial altar of Ru.
 10006 | D:7      | Offered knowledge of Ignite Poison by Vehumet.
 10007 | D:7      | Reached skill level 5 in Stealth
 10007 | D:7      | Reached skill level 5 in Fire Magic
 10327 | D:7      | Reached skill level 1 in Necromancy
 10327 | D:7      | Gained mutation: You have a tail ending in a sharp stinger.
                  | [demonic ancestry]
 10327 | D:7      | Reached XP level 9. HP: 60/66 MP: 10/16
 10849 | D:8      | Reached skill level 5 in Conjurations
 10855 | D:8      | Noticed Joseph
 10862 | D:8      | Reached skill level 5 in Spellcasting
 10869 | D:7      | Reached *** piety under Vehumet
 10927 | D:8      | Killed Joseph
 10928 | D:8      | Reached skill level 5 in Dodging
 11015 | D:7      | Reached skill level 5 in Fighting
 11451 | D:8      | Found a stormy altar of Qazlal.
 11479 | D:8      | Offered knowledge of Stone Arrow by Vehumet.
 11488 | D:8      | Learned a level 3 spell: Stone Arrow
 11724 | D:8      | Noticed Maurice
 11733 | D:8      | Killed Maurice
 12091 | D:9      | Identified the +7 scimitar "Tinkik" {antimagic, Dex+2}
 12109 | D:9      | Noticed a troll
 12115 | D:9      | Noticed Prince Ribbit
 12115 | D:9      | Killed a troll
 12124 | D:9      | Killed Prince Ribbit
 12125 | D:9      | Gained mutation: You sometimes gain power by taking damage.
                  | [demonic ancestry]
 12125 | D:9      | Reached XP level 10. HP: 76/76 MP: 9/18
 12343 | D:9      | Reached **** piety under Vehumet
 12490 | D:9      | Offered knowledge of Iskenderun's Battlesphere by Vehumet.
 12864 | D:10     | Entered Level 10 of the Dungeon
 13081 | D:10     | Found a shimmering altar of Xom.
 13416 | D:10     | Reached skill level 5 in Necromancy
 13760 | D:10     | Noticed a gargoyle
 13764 | D:10     | Killed a gargoyle
 14153 | D:10     | Found a staircase to the Lair.
 14261 | D:10     | Found Xoori's Weapon Shop.
 14291 | D:10     | Found a transporter.
 14860 | D:11     | Reached ***** piety under Vehumet
 14861 | D:11     | Gained mutation: You regenerate a little health from kills.
                  | [demonic ancestry]
 14861 | D:11     | Reached XP level 11. HP: 24/83 MP: 12/21
 15117 | D:11     | You fall into a shaft and drop 2 floors!
 15121 | D:13     | Noticed a boulder beetle
 15147 | D:13     | Reached skill level 1 in Shields
 15184 | D:13     | Noticed a centaur warrior
 15196 | D:13     | Noticed a two-headed ogre
 15201 | D:13     | Killed a two-headed ogre
 15220 | D:13     | Noticed a tengu warrior
 15226 | D:13     | Killed a tengu warrior
 15237 | D:13     | Offered knowledge of Freezing Cloud by Vehumet.
 15244 | D:13     | Learned a level 5 spell: Freezing Cloud
 15341 | D:13     | Noticed a two-headed ogre
 15349 | D:13     | Killed a two-headed ogre
 15475 | D:13     | Noticed a yaktaur captain
 15660 | D:13     | Noticed a two-headed ogre
 15667 | D:13     | Killed from afar by a meliai

Illustrated notes

Levels and vault maps discovered:
D:1:      amcnicky_arrival_flooded_fountain, layout_loops_corners
D:2:      layout_basic, shapermc_ecumenical_altar_petra,
          nicolae_figureground_sparkle, uniq_crazy_yiuf_cottage
D:3:      layout_basic, nicolae_sif_muna_little_library,
          mainiacjoe_overflow_paths, serial_co_window_serial,
          co_window_of_opportunity_a, co_window_corner_a, co_window_paths_a,
          co_window_of_opportunity_a, co_window_of_opportunity_a,
          co_window_cross_3, co_window_unsneaky_path_c, co_window_corner_b,
          co_window_cross_4, co_window_unsneaky_path_c,
          co_window_of_opportunity_c, co_window_paths_d, glass_columns_a,
          glass_columns_a, glass_columns_a, glass_columns_c, glass_columns_b
D:4:      layout_layer_cave
D:5:      dreamdust_elfheim, layout_loops_cross, grunt_temple_overflow_open,
          mainiacjoe_overflow_brackets, gammafunk_temple_overflow_wave
D:6:      layout_layer_cave, nicolae_tso_besieged_by_evil,
          minmay_temple_entry_waves
D:7:      layout_loops_ring, kennysheep_mini, mainiacjoe_overflow_chevrons
D:8:      layout_gridville, mainiacjoe_overflow_small_starburst, uniq_joseph,
          uniq_maurice
D:9:      layout_big_octagon, nicolae_kite_square_tiling_tiny,
          serial_bayou_pond_e, uniq_prince_ribbit1
D:10:     layout_rooms, mainiacjoe_overflow_concentric_impassable,
          lair_entry_dummy, serial_shops, nicolae_shop_waterfront,
          grunt_ministairs_10, nicolae_diode_basic
D:11:     layout_gridville, david_orc_3
D:13:     layout_roguey, david_vaults_2

Skill      XL: |  1  2  3  4  5  6  7  8  9 10 11 |
---------------+----------------------------------+-----
Dodging        | 2 3 4 5 6 7 |  7.1
Stealth        | 2 3 4 5 |  5.0
Fire Magic     | 3 4 5 6 7 |  7.2
Fighting       | 1 2 3 4 5 6 7 |  7.3
Conjurations   | 2 3 4 5 7 |  7.5
Spellcasting   | 3 4 5 6 7 |  7.2
Necromancy     | 1 3 5 |  5.0
Shields        | 2 |  2.3

Action                   |  1- 3 |  4- 6 |  7- 9 | 10-12 || total
-------------------------+-------+-------+-------+-------++-------
Melee: Unarmed           |     7 |       |       |       ||     7
       Dagger            |    55 |    34 |   159 |    31 ||   279
       Punch             |     2 |       |     1 |     1 ||     4
       Tailslap          |       |       |    23 |     7 ||    30
 Cast: Foxfire           |    49 |    58 |   185 |    42 ||   334
       Scorch            |     1 |     3 |    20 |     6 ||    30
       Sandblast         |       |       |    18 |       ||    18
       Flame Wave        |       |       |     4 |    13 ||    17
       Blink             |       |       |     1 |     4 ||     5
       Stone Arrow       |       |       |       |    58 ||    58
       Freezing Cloud    |       |       |       |     1 ||     1
  Use: Scroll            |       |       |     3 |     8 ||    11
       Potion            |       |       |     3 |     3 ||     6
 Stab: Sleeping          |     6 |     1 |     4 |       ||    11
Armor: Robe              |     4 |       |       |       ||     4
       Leather armour    |     1 |    13 |    45 |    24 ||    83
       Skin              |       |       |    25 |       ||    25
Dodge: Dodged            |    39 |    25 |   158 |    90 ||   312
Block: Buckler           |       |       |       |    15 ||    15
